Map: Newkirk Precinct TE (Void)

Players

souL - Winner!

  • Race: Terran Terran
  • Spawn Location: 7:00

Sevnin

  • Race: Protoss Protoss
  • Spawn Location: 5:00

Event: IEM XI Katowice - World Championship 2017

VOD

Have the link to the VOD?

Description

Time

  • Played on: Feb. 27, 2017, 10:55 a.m.
  • Length: 9:18

All games in this series

Show
View Real Time Build Order
Export as new Build Order

souL Terran - Winner!

Build Orders: Liberator Opening, Reaper Expand, MMM Bio 

Get SALT Encoding   

  12  0:00  SCV  
  13  0:13  SCV  
  14  0:17  Supply Depot  
  14  0:25  SCV  
  15  0:31  Refinery  
  15  0:39  SCV  
  16  0:46  Barracks  
  16  0:51  SCV  
  17  1:03  SCV  
  18  1:15  SCV  
  19  1:37  Reaper, Orbital Command  
  20  1:54  Command Center  
  20  2:01  Factory  
  20  2:05  SCV  
  21  2:10  Barracks Reactor  
  21  2:21  SCV  
  22  2:23  Supply Depot  
  22  2:28  Engineering Bay  
  22  2:33  SCV  
  22  2:36  Refinery  
  23  2:46  SCV  
  24  2:57  Hellion x2  
  28  2:58  SCV  
  28  3:03  Starport  
  29  3:09  Orbital Command  
  30  3:12  SCV  
  30  3:16  Barracks Tech Lab  
  30  3:26  SCV  
  31  3:35  Marine x2, Widow Mine  
  31  3:37  SCV  
  31  3:38  SCV  
  31  3:41  Medivac  
  37  3:50  SCV x2  
  37  3:53  Marine  
  37  3:58  Liberator  
  37  4:02  SCV x2  
  39  4:03  Barracks  
  39  4:04  Barracks  
  39  4:07  Supply Depot, Factory Tech Lab  
  39  4:10  Marine  
  39  4:11  Marine  
  39  4:14  SCV x2  
  46  4:25  Engineering Bay  
  46  4:28  SCV x2  
  46  4:29  Supply Depot  
  48  4:35  Siege Tank  
  51  4:39  Marine  
  51  4:40  SCV x2  
  54  4:51  Marine  
  55  4:53  SCV x2  
  55  4:55  Missile Turret x2  
  55  4:56  Barracks Tech Lab  
  55  4:58  Barracks Tech Lab  
  57  5:04  Marine  
  57  5:05  SCV x2  
  59  5:10  Terran Infantry Weapons Level 1  
  59  5:12  Supply Depot  
  57  5:16  Viking  
  57  5:17  SCV x2  
  61  5:24  Siege Tank  
  61  5:26  Marine  
  62  5:28  Marine  
  62  5:29  SCV  
  62  5:32  SCV  
  62  5:33  Marine  
  61  5:38  Supply Depot  
  61  5:39  Marine  
  61  5:41  SCV  
  60  5:44  Marine  
  60  5:46  Marine  
  58  5:51  Marine, Supply Depot  
  58  5:54  SCV  
  57  5:57  Marine  
  57  6:00  Medivac  
  57  6:02  Marine, SCV  
  62  6:04  Marine  
  62  6:09  Marine  
  62  6:10  Refinery x2  
  64  6:17  Marauder, SCV x2  
  68  6:20  Marine  
  69  6:25  Marine  
  69  6:27  Marauder  
  69  6:29  SCV  
  70  6:37  Starport Reactor  
  70  6:39  Marauder  
  71  6:46  SCV  
  72  6:48  Marauder  
  72  6:50  SCV  
  75  6:54  Supply Depot  
  75  6:57  Barracks  
  75  6:58  Combat Shields, Stimpack  
  75  6:59  Barracks  
  75  7:00  Marauder  
  77  7:04  SCV  
  77  7:05  Supply Depot  
  77  7:06  SCV  
  77  7:07  Factory Reactor  
  79  7:14  Terran Infantry Armor Level 1  
  79  7:16  SCV  
  79  7:18  Supply Depot, SCV  
  81  7:24  Medivac  
  81  7:25  Marine x2  
  85  7:30  Supply Depot  
  85  7:31  Marine  
  85  7:32  Marauder  
  88  7:42  Supply Depot  
  88  7:43  Marine, Reaper  
  82  7:44  Marine  
  82  7:49  Marauder  
  85  7:53  Supply Depot  
  85  7:58  Marine  
  85  7:59  Marauder  
  85  8:01  Marine  
  89  8:06  SCV x2  
  89  8:11  Marauder  
  91  8:17  Marine  
  84  8:20  Marauder  
  84  8:23  Marine  
  84  8:26  Widow Mine  
  87  8:27  Marine  
  87  8:31  Marine  
  87  8:32  Marauder  
  91  8:41  Marine  
  88  8:42  Marauder  
  88  8:45  Marine, Medivac x2  
  94  8:49  Marine  
  94  8:54  Marauder  
  95  8:59  Marine  
Show
View Real Time Build Order
Export as new Build Order

Sevnin Protoss 

Build Orders: 1 Gate Expand, Dark Templar Rush 

Get SALT Encoding   

  12  0:00  Probe (Chrono Boost)  
  13  0:11  Probe (Chrono Boost)  
  14  0:19  Pylon  
  14  0:22  Probe (Chrono Boost)  
  15  0:38  Probe (Chrono Boost)  
  15  0:42  Gateway  
  16  0:48  Probe (Chrono Boost)  
  17  0:50  Assimilator  
  17  0:59  Probe (Chrono Boost)  
  18  1:09  Probe (Chrono Boost)  
  19  1:20  Probe (Chrono Boost)  
  20  1:28  Nexus  
  20  1:38  Cybernetics Core  
  20  1:41  Probe (Chrono Boost)  
  21  1:47  Assimilator  
  21  1:52  Probe (Chrono Boost)  
  22  1:57  Pylon  
  22  2:02  Probe (Chrono Boost)  
  24  2:16  Mothership Core (Chrono Boost)  
  24  2:17  Adept  
  27  2:25  Warp Gate  
  27  2:35  Probe (Chrono Boost)  
  28  2:41  Probe (Chrono Boost)  
  29  2:45  Probe (Chrono Boost)  
  30  2:52  Probe (Chrono Boost)  
  30  2:56  Probe (Chrono Boost)  
  31  2:58  Robotics Facility  
  31  3:02  Probe (Chrono Boost)  
  32  3:06  Probe (Chrono Boost)  
  33  3:13  Probe (Chrono Boost)  
  33  3:14  Twilight Council  
  33  3:17  Probe (Chrono Boost)  
  35  3:24  Probe (Chrono Boost)  
  36  3:27  Probe (Chrono Boost)  
  38  3:34  Probe (Chrono Boost)  
  38  3:38  Probe (Chrono Boost)  
  38  3:40  Gateway x2  
  39  3:45  Probe (Chrono Boost)  
  39  3:48  Probe (Chrono Boost)  
  39  3:50  Warp Prism  
  40  3:57  Dark Shrine  
  40  4:00  Probe (Chrono Boost)  
  40  4:01  Probe (Chrono Boost)  
  42  4:09  Assimilator  
  42  4:10  Pylon  
  42  4:12  Probe (Chrono Boost)  
  42  4:15  Assimilator  
  43  4:18  Probe (Chrono Boost)  
  43  4:19  Pylon  
  45  4:24  Pylon, Probe (Chrono Boost)  
  45  4:32  Probe (Chrono Boost)  
  47  4:39  Probe (Chrono Boost)  
  45  4:45  Adept  
  45  4:46  Adept x2  
  45  4:47  Observer  
  45  4:48  Probe (Chrono Boost)  
  45  4:52  Probe (Chrono Boost)  
  54  5:03  Probe (Chrono Boost)  
  56  5:08  Probe (Chrono Boost)  
  56  5:13  Dark Templar x3  
  61  5:18  Probe (Chrono Boost)  
  61  5:19  Shadow Stride  
  61  5:20  Probe (Chrono Boost)  
  63  5:21  Charge  
  62  5:29  Probe (Chrono Boost)  
  62  5:32  Probe (Chrono Boost)  
  63  5:41  Probe (Chrono Boost)  
  63  5:44  Probe (Chrono Boost)  
  63  5:46  Dark Templar x2  
  58  5:53  Probe (Chrono Boost)  
  58  5:54  Stalker  
  58  5:57  Probe (Chrono Boost)  
  56  6:05  Probe (Chrono Boost)  
  56  6:09  Probe (Chrono Boost)  
  54  6:17  Probe (Chrono Boost)  
  53  6:21  Probe (Chrono Boost), Warp Prism  
  53  6:23  Stalker  
  53  6:24  Stalker  
  55  6:29  Probe (Chrono Boost)  
  55  6:33  Probe (Chrono Boost)  
  55  6:42  Probe (Chrono Boost)  
  55  6:45  Probe (Chrono Boost)  
  55  6:54  Gateway, Probe (Chrono Boost)  
  56  6:55  Gateway  
  56  6:56  Gateway  
  56  6:58  Gateway  
  56  6:59  Gateway  
  56  7:10  Pylon  
  56  7:17  Dark Templar x3  
  56  7:22  Pylon  
  62  7:34  Mothership Core (Chrono Boost)  
  45  7:58  Dark Templar  
  45  7:59  Dark Templar x3  
  46  8:21  Dark Templar  
  46  8:23  Probe (Chrono Boost)  
  44  8:38  Probe (Chrono Boost)  
  45  8:44  Pylon  
  45  8:46  Pylon  
  44  8:56  Probe (Chrono Boost)  
  40  9:03  Dark Templar  

Tags
 
Add a new tag
Caveats
  • Supply blocks, unpowered buildings, or Contaminate may cause inaccurate times.
  • Supply counts are checked every 10 seconds.